Map: [ESL] Hard Lead

Players

Serral - Winner!

  • Race: Zerg Zerg
  • Spawn Location: 5:00

goblin

  • Race: Protoss Protoss
  • Spawn Location: 11:00

Event: ESL SC2 Masters 2023 Winter (Regional)

VOD

Have the link to the VOD?

Description

Time

  • Played on: Oct. 28, 2023, 10:48 a.m.
  • Length: 7:29

All games in this series

Show
View Real Time Build Order
Export as new Build Order

Serral Zerg - Winner!

Build Orders: Hatch First 

Get SALT Encoding   

  12  0:00  Drone  
  13  0:11  Overlord  
  13  0:16  Drone  
  14  0:30  Drone x2  
  16  0:48  Hatchery  
  15  0:51  Drone  
  15  0:54  Drone  
  17  0:58  Drone  
  18  1:08  Extractor  
  17  1:13  Spawning Pool  
  17  1:16  Drone  
  17  1:20  Drone  
  18  1:27  Drone  
  19  1:38  Drone  
  20  1:51  Overlord  
  20  1:59  Queen  
  20  2:00  Zergling x2, Queen  
  20  2:01  Zergling x2  
  26  2:09  Metabolic Boost  
  26  2:10  Drone  
  26  2:12  Drone  
  28  2:21  Drone  
  28  2:22  Drone  
  30  2:35  Hatchery  
  30  2:36  Drone  
  30  2:39  Drone  
  30  2:43  Overlord  
  31  2:48  Queen  
  31  2:51  Drone  
  34  2:53  Drone  
  34  2:55  Drone  
  36  3:03  Queen  
  38  3:05  Overlord  
  38  3:10  Drone x2  
  38  3:11  Drone  
  41  3:13  Drone  
  41  3:19  Drone x2  
  44  3:24  Queen  
  44  3:25  Drone  
  47  3:30  Drone  
  48  3:36  Overlord  
  48  3:41  Drone  
  48  3:42  Drone x3  
  48  3:46  Queen  
  48  3:48  Overlord  
  54  3:49  Drone  
  54  3:52  Drone  
  54  3:55  Spore Crawler  
  55  3:56  Spore Crawler  
  55  3:58  Drone x3  
  57  4:04  Overlord  
  57  4:05  Drone x2  
  57  4:08  Drone  
  60  4:13  Overlord  
  60  4:14  Drone x3  
  63  4:18  Queen  
  63  4:22  Overlord  
  65  4:31  Lair, Roach Warren  
  64  4:33  Drone x3  
  64  4:36  Drone  
  64  4:37  Drone x2  
  64  4:38  Drone  
  68  4:39  Drone  
  68  4:44  Drone x2, Extractor x3  
  67  4:47  Drone x2  
  67  4:51  Drone x3  
  72  4:53  Overlord  
  72  4:56  Overlord  
  72  4:59  Overlord  
  72  5:11  Roach x7  
  86  5:15  Roach x2  
  86  5:16  Roach  
  86  5:20  Roach  
  86  5:21  Roach  
  96  5:24  Overlord  
  96  5:27  Zergling x6  
  99  5:33  Ravager  
  99  5:34  Zergling x6  
  103  5:38  Spore Crawler  
  103  5:41  Zergling x12  
  108  5:44  Zergling x8  
  108  5:45  Ravager x2  
  108  5:47  Overlord  
  108  5:48  Zergling x2  
  115  5:52  Ravager  
  115  5:56  Zergling x2  
  117  5:58  Overlord, Ravager  
  117  5:59  Queen  
  120  6:08  Zergling x10  
  120  6:10  Ravager x2  
  120  6:20  Zergling x14  
  120  6:22  Ravager x2  
  127  6:28  Zergling x2  
  127  6:30  Ravager  
  126  6:36  Zergling x6, Hatchery  
  121  6:40  Ravager  
  121  6:42  Zergling x14  
  121  6:46  Ravager  
  126  6:47  Zergling x2  
  124  6:56  Zergling x6  
  118  7:02  Zergling x2  
  112  7:10  Roach x8  
  112  7:12  Evolution Chamber  
  125  7:19  Extractor  
Show
View Real Time Build Order
Export as new Build Order

goblin Protoss 

Build Orders: 1 Gate Expand, Oracle Opening 

Get SALT Encoding   

  12  0:00  Probe  
  13  0:12  Probe  
  14  0:17  Pylon  
  14  0:24  Probe  
  15  0:36  Probe (Chrono Boost)  
  15  0:39  Gateway  
  16  0:46  Assimilator, Probe (Chrono Boost)  
  17  0:51  Probe (Chrono Boost)  
  18  1:03  Probe  
  19  1:15  Probe  
  20  1:24  Nexus  
  20  1:35  Cybernetics Core  
  20  1:37  Probe  
  21  1:43  Assimilator  
  21  1:49  Probe  
  21  1:53  Pylon  
  22  2:01  Probe (Chrono Boost)  
  23  2:11  Adept  
  23  2:13  Probe (Chrono Boost)  
  23  2:15  Stargate  
  26  2:21  Probe (Chrono Boost)  
  27  2:24  Warp Gate  
  27  2:28  Probe (Chrono Boost)  
  29  2:37  Probe (Chrono Boost)  
  29  2:40  Probe (Chrono Boost)  
  29  2:41  Stalker  
  32  2:45  Probe (Chrono Boost)  
  32  2:46  Probe (Chrono Boost)  
  32  2:50  Probe (Chrono Boost)  
  34  2:54  Probe  
  36  2:58  Oracle (Chrono Boost)  
  36  3:02  Probe  
  40  3:06  Probe  
  40  3:07  Pylon  
  41  3:15  Probe  
  41  3:18  Probe  
  43  3:20  Gateway  
  43  3:27  Probe  
  44  3:28  Oracle  
  44  3:30  Probe  
  48  3:42  Nexus  
  48  3:44  Probe x2  
  50  3:51  Pylon  
  50  3:56  Probe  
  50  3:57  Probe  
  50  3:58  Assimilator  
  50  3:59  Assimilator  
  52  4:06  Twilight Council  
  52  4:08  Probe  
  53  4:10  Forge  
  53  4:16  Probe  
  57  4:17  Oracle  
  57  4:19  Shield Battery  
  57  4:20  Probe  
  58  4:28  Probe  
  59  4:32  Probe  
  60  4:40  Probe (Chrono Boost)  
  60  4:43  Blink (Chrono Boost), Protoss Ground Weapons Level 1  
  60  4:44  Probe (Chrono Boost)  
  59  4:50  Gateway  
  59  4:52  Gateway, Probe (Chrono Boost)  
  60  4:56  Probe (Chrono Boost)  
  60  4:59  Probe (Chrono Boost)  
  63  5:01  Gateway, Probe (Chrono Boost)  
  63  5:05  Probe (Chrono Boost)  
  63  5:06  Gateway  
  65  5:07  Probe (Chrono Boost)  
  65  5:09  Pylon  
  65  5:10  Probe (Chrono Boost)  
  65  5:12  Probe x2 (Chrono Boost)  
  68  5:18  Probe  
  69  5:21  Assimilator  
  69  5:22  Assimilator  
  69  5:23  Probe  
  70  5:29  Stalker x2  
  70  5:31  Probe  
  70  5:32  Shield Battery  
  75  5:37  Photon Cannon  
  75  5:38  Photon Cannon  
  75  5:42  Pylon  
  75  5:44  Photon Cannon  
  75  5:45  Shield Battery  
  75  5:48  Sentry x2  
  79  5:52  Pylon  
  79  5:55  Shield Battery  
  79  5:57  Sentry, Stalker  
  79  5:58  Stalker  
  79  6:02  Stalker  
  87  6:12  Sentry  
  89  6:19  Stalker  
  89  6:22  Stalker x3  
  95  6:30  Stalker  
  97  6:34  Shield Battery  
  97  6:36  Shield Battery  
  91  6:42  Pylon  
  91  6:43  Shield Battery, Pylon  
  85  6:52  Stalker x5  
  86  7:07  Pylon  
  83  7:09  Pylon  
  83  7:10  Pylon  
Tags
 
Add a new tag
Caveats
  • Supply blocks, unpowered buildings, or Contaminate may cause inaccurate times.
  • Supply counts are checked every 10 seconds.